 Dungeon Crawl Stone Soup version 0.29-a0-330-g52719c12eb (webtiles) character file.

Game seed: 18050162989995672616

96 Ajdolov the Ruffian (level 4, -2/38 HPs)
             Began as a Ghoul Warper on Apr 15, 2022.
             Slain by Grinder (5 damage)
             ... on level 3 of the Dungeon.
             The game lasted 00:03:28 (2561 turns).

Ajdolov the Ruffian (Ghoul Warper)                  Turns: 2561, Time: 00:03:29

Health: -2/38      AC:  4    Str: 16    XL:     4   Next: 67%
Magic:  5/5        EV: 11    Int:  8    God:
Gold:   156        SH:  0    Dex:  8    Spells: 6/6 levels left

rFire   . . .      SeeInvis .     - Unarmed
rCold   + . .      Faith    .   (no shield)
rNeg    + + +      Spirit   .   a - +0 leather armour
rPois   ∞          Reflect  .   k - +0 helmet
rElec   .          Harm     .   (no cloak)
rCorr   .          Rampage  .   (no gloves)
Will    .....                   (no boots)
Stlth   +.........              (no amulet)
HPRegen 0.00/turn               (no ring)
MPRegen 0.09/turn               (no ring)

@: inhibited regen
A: claws 1, cold resistance 1, negative energy resistance 3, inhibited
regeneration, torment resistance 2, devour on kill
a: no special abilities


You were on level 3 of the Dungeon.
You visited 1 branch of the dungeon, and saw 3 of its levels.

You collected 189 gold pieces.
You spent 33 gold pieces at shops.

Inventory:

Missiles
 c - 7 boomerangs of dispersal (quivered)
 p - a throwing net
Armour
 a - a +0 leather armour (worn)
 g - a +0 buckler
 k - a +0 helmet (worn)
Jewellery
 m - an amulet of the acrobat
 n - a ring of wizardry
Scrolls
 b - 2 scrolls of blinking
 d - 3 scrolls of identify {unknown}
 e - 3 scrolls of teleportation
 f - 2 scrolls of enchant armour {unknown}
 h - a scroll of fear {unknown}
 o - a scroll of enchant weapon {unknown}
Potions
 i - a potion of might {unknown}
 j - 2 potions of curing {unknown}
 l - a potion of ambrosia {unknown}


   Skills:
 + Level 3.4 Fighting
 - Level 0.8 Throwing
 - Level 0.8 Armour
 - Level 1.7 Dodging
 * Level 4.4 Unarmed Combat
 - Level 1.7 Spellcasting
 - Level 2.6 Translocations


You had 6 spell levels left.
You didn't know any spells.
Your spell library contained the following spells:

 Spells                   Type           Power      Damage    Failure   Level
 Apportation              Tloc           10%        N/A       16%         1
 Blink                    Tloc           10%        N/A       22%         2
 Gell's Gravitas          Tloc           5%         N/A       41%         3
 Lesser Beckoning         Tloc           5%         N/A       41%         3
 Teleport Other           Tloc           5%         N/A       41%         3
 Manifold Assault         Tloc           5%         N/A       99%         5
 Alistair's Intoxication  Tmut/Pois      0%         N/A       100%        5


Dungeon Overview and Level Annotations

Branches:
Dungeon (3/15)

Altars:

Shops:
D:1 *

Annotations:
D:3 Grinder


Innate Abilities, Weirdness & Mutations

You are immune to poison.
You have sharp fingernails.
Your flesh is cold resistant. (rC+)
You are immune to negative energy. (rN+++)
You do not regenerate when monsters are visible.
You are immune to unholy pain and torment.
You thrive by killing the living.


Message History

Sorry, you're not good enough to have a special ability.
Okay, then.
Throw: throwing net
Press: ? - help, Shift-Dir - straight line, f - Grinder
Aim: Grinder (moderately wounded, 50% to hit)
You throw a throwing net. The throwing net barely misses Grinder.
Grinder blinks!
Grinder gestures at you.
You suddenly lose the ability to move!
Grinder hits you.
* * * LOW HITPOINT WARNING * * *
Grinder hits you.
* * * LOW HITPOINT WARNING * * *
You can move again.
You see here a throwing net.
Unknown command.
p - a throwing net Grinder hits you.
* * * LOW HITPOINT WARNING * * *
Throw: throwing net
Press: ? - help, Shift-Dir - straight line, f/p - Grinder
Aim: Grinder (moderately wounded, 50% to hit)
You throw a throwing net. The throwing net hits Grinder.
Grinder is caught in the net!
Grinder is moderately wounded.
Grinder blinks!
You see here a throwing net.
p - a throwing net Unknown command.
Throw: throwing net
Press: ? - help, Shift-Dir - straight line, f/p - Grinder
Aim: Grinder (moderately wounded, 50% to hit)
You throw a throwing net. The throwing net hits Grinder.
Grinder is caught in the net!
Grinder is moderately wounded.
Grinder blinks!
You see here a throwing net.
p - a throwing net Grinder attacks as you move away!
Grinder hits you.
You die...

##+## ####. ##...##
##. ##.....## #..
##.......## ##..
#.........####...
+.........+......
##.....)...####...
#.5.....(.## ##.#
#@#.#.#..## #.#
#.......## #.#
#.#.#.#.# #..
........# #.#
#..#.#.#.########..
...............#..#
####.#....####.#...
#........†.....#
###.....###.##..


You could see Grinder.

Vanquished Creatures
  Robin (D:3)
  An adder (D:3)
  3 dart slugs
  9 ball pythons
  8 endoplasms
  2 giant cockroaches (D:1)
  7 goblins
  13 hobgoblins
  4 kobolds
  2 quokkas (D:2)
  5 bats
  2 frilled lizards (D:1)
  8 rats
65 creatures vanquished.

Notes
Turn   | Place    | Note
-------+----------+-------------------------------------------
     0 | D:1      | Ajdolov the Ghoul Warper began the quest for the Orb.
     0 | D:1      | Reached XP level 1. HP: 17/17 MP: 2/2
   179 | D:1      | Found Amuss's General Store.
   186 | D:1      | Reached XP level 2. HP: 25/25 MP: 3/3
   197 | D:1      | Bought a scroll of teleportation for 33 gold pieces
   232 | D:1      | Reached skill level 3 in Unarmed Combat
   344 | D:1      | Reached XP level 3. HP: 30/30 MP: 4/4
  1621 | D:2      | Reached XP level 4. HP: 34/38 MP: 5/5
  1679 | D:3      | Reached skill level 4 in Unarmed Combat
  1795 | D:3      | Noticed Robin
  2132 | D:3      | Killed Robin
  2485 | D:3      | Noticed Grinder
  2485 | D:3      | Paralysed by Grinder for 7 turns
  2524 | D:3      | Paralysed by Grinder for 4 turns
  2534 | D:3      | Paralysed by Grinder for 5 turns
  2542 | D:3      | Paralysed by Grinder for 5 turns
  2561 | D:3      | Slain by Grinder

Illustrated notes

Levels and vault maps discovered:
D:1:      psy_arrival_statuary, layout_loops_ring, serial_shops,
          nicolae_shop_hallway_stairs
D:2:      layout_basic
D:3:      layout_loops_corners, serial_shops, shop, gup_sewer_entry_glass,
          serial_glass, glass_columns_b, glass_columns_a, glass_columns_a,
          glass_columns_a, glass_columns_a, glass_columns_b, glass_columns_c,
          glass_columns_b, glass_columns_a, glass_columns_b, grunt_ministairs_8,
          uniq_grinder, uniq_robin

Skill      XL: |  1  2  3  4 |
---------------+-------------+-----
Unarmed Combat | 3 4 |  4.4
Fighting       | 3 |  3.4
Throwing       | |  0.8
Armour         | |  0.8
Dodging        | |  1.7
Spellcasting   | |  1.7
Translocations | |  2.6

Action                   |  1- 3 |  4- 6 || total
-------------------------+-------+-------++-------
Melee: Unarmed           |   137 |    67 ||   204
       Punch             |     2 |     1 ||     3
Throw: Throwing net      |       |     3 ||     3
Armor: Leather armour    |    31 |    27 ||    58
Dodge: Dodged            |    69 |    41 ||   110

Table legend: (Time is in decaauts)
 A = Elapsed time spent in this place.
 B = Non-inter-level travel time spent in this place.
 C = Inter-level travel time spent in this place.
 D = Time resting spent in this place.
 E = Time spent auto-exploring this place.
 F = Levels seen in this place.
 G = Mean time per level.
                   A        B        C        D        E       F      G
               +--------+--------+--------+--------+--------+-----+--------+
         Total |   2547 |   2528 |     19 |    277 |   1760 |   3 |  849.0 |
       Dungeon |   2547 |   2528 |     19 |    277 |   1760 |   3 |  849.0 |
               +--------+--------+--------+--------+--------+-----+--------+

Top non-repeatable levels by time:
     D:2: 1228 daAuts
     D:1: 709 daAuts
     D:3: 609 daAuts
